 Dungeon Crawl Stone Soup version 0.21-a0-417-g0adc95b (webtiles) character file.

292 drevant the Skirmisher (level 6, -4/48 HPs)
             Began as a Demonspawn Abyssal Knight on Nov 3, 2017.
             Was a Believer of Lugonu.
             Slain by a gnoll
             ... wielding a +0 flail
              (5 damage)
             ... on level 4 of the Dungeon.
             The game lasted 00:07:53 (3499 turns).

drevant the Skirmisher (Demonspawn Abyssal Knight)  Turns: 3499, Time: 00:07:54

Health: -4/48      AC:  7    Str: 14    XL:     6   Next: 10%
Magic:  7/7        EV: 10    Int: 14    God:    Lugonu [**....]
Gold:   165        SH:  0    Dex: 12    Spells: 5/5 levels left

rFire    . . .     SeeInvis .   a - +1 spear
rCold    + . .     Gourm    .   (no shield)
rNeg     . . .     Faith    .   w - +0 ring mail
rPois    .         Spirit   .   (no helmet)
rElec    .         Reflect  .   (no cloak)
rCorr    .         Harm     .   p - -1 pair of gloves (curse)
MR       .....                  (no boots)
Stlth    ++........             (no amulet)
HPRegen  0.16/turn              f - +2 ring of protection
MPRegen  0.10/turn              (no ring)

@: flying, drained
A: claws 1, hooves 1, cold resistance 1, nightstalker 1
a: Depart the Abyss, Bend Space, Renounce Religion


You were on level 4 of the Dungeon.
You worshipped Lugonu.
Lugonu was pleased with you.
You were hungry.

You visited 1 branch of the dungeon, and saw 4 of its levels.
You visited the Abyss 1 time.

You collected 165 gold pieces.

Inventory:

Hand Weapons
 a - a +1 spear (weapon)
 q - a +3 hunting sling
Missiles
 r - 77 stones (quivered)
Armour
 b - a +0 leather armour
 p - a cursed -1 pair of gloves (worn)
 v - a +0 chain mail
 w - a +0 ring mail (worn)
Jewellery
 d - an uncursed amulet of magic regeneration {unknown}
 f - a +2 ring of protection (left hand)
 A - an uncursed ring of wizardry {unknown}
Wands
 g - a wand of lightning (0/15)
Scrolls
 e - a scroll of noise {unknown}
 i - a scroll of remove curse {unknown}
 j - a scroll of enchant armour {unknown}
 t - a scroll of recharging {unknown}
 x - a scroll of random uselessness {unknown}
 y - 3 scrolls of fog {unknown}
 B - a scroll of fear {unknown}
Potions
 h - a potion of degeneration
 l - 2 potions of agility
 m - 3 potions of flight
 n - a potion of invisibility
 s - a potion of magic
Comestibles
 c - 3 bread rations
 o - 4 meat rations
 z - 3 chunks of flesh


   Skills:
 + Level 4.2(3.3) Fighting
 * Level 4.2(3.3) Polearms
 + Level 3.2(2.3) Armour
 - Level 1.0(0.2) Dodging
 - Level 2.5(1.7) Invocations


You had 5 spell levels left.
You didn't know any spells.

Dungeon Overview and Level Annotations

Branches:
Dungeon (4/15)
 Temple: D:4-7

Altars:
Fedhas
Nemelex Xobeh
Xom


Innate Abilities, Weirdness & Mutations

You have sharp fingernails.
You have large cloven feet.
Your flesh is cold resistant. (rC+)
You are slightly more attuned to the shadows.


Message History

There is a strange disturbance nearby!
There is a strange disturbance nearby!
Welcome back, drevant the Demonspawn Abyssal Knight.
Lugonu says: Spread carnage and corruption!
Press ? for a list of commands and other information.
You start resting.
Something hits you.
* * * LOW HITPOINT WARNING * * *
Deactivating autopickup; reactivate with Ctrl-A.
Okay, then.
Something hits you!
* * * LOW HITPOINT WARNING * * *
It was a potion of magic.
Magic courses through your body.
It was a potion of flight.
You feel very buoyant.
You fly up into the air.
Something hits you.
* * * LOW HITPOINT WARNING * * *
You are feeling hungry.
Something hits you.
You die...

.... +......# ....
#......# ....
#......+ ....
#......# ....
#...<..# ....
#######..รท##
###########...###...#
....................#
................@...#
....................#
....................#
####.....##...#######
###########...###...#
....(....#..........#
.........#..........#
......>..#..........#
.........#..........#


There were no monsters in sight!

Vanquished Creatures
  Edmund (D:4)
  An orc priest (D:3)
  A worker ant (D:3)
  3 adders (D:2)
  An ooze (D:1)
  4 worms
  A dart slug (D:3)
  2 leopard geckos
  4 orcs
  2 ball pythons
  2 giant cockroaches
  5 goblins
  8 hobgoblins
  8 jackals (D:4)
  8 bats
  8 frilled lizards
  7 kobolds
  9 rats
75 creatures vanquished.

Notes
Turn   | Place    | Note
-------+----------+-------------------------------------------
     0 | Abyss:1  | drevant the Demonspawn Abyssal Knight began the quest for the Orb.
     0 | Abyss:1  | Reached XP level 1. HP: 18/18 MP: 2/2
     0 | Abyss:1  | Found a corrupted altar of Lugonu.
    76 | Abyss:2  | Noticed a small abomination
    77 | D:1      | Escaped the Abyss
    91 | D:1      | Reached skill level 1 in Dodging
   141 | D:1      | Reached * piety under Lugonu
   268 | D:1      | Gained mutation: You are slightly more attuned to the shadows. [demonic ancestry]
   268 | D:1      | Reached XP level 2. HP: 21/24 MP: 3/3
   927 | D:2      | Reached XP level 3. HP: 29/29 MP: 4/4
  1129 | D:2      | Found a sparkling altar of Nemelex Xobeh.
  1432 | D:2      | Reached ** piety under Lugonu
  1713 | D:2      | Gained mutation: Your flesh is cold resistant. (rC+) [demonic ancestry]
  1713 | D:2      | Reached XP level 4. HP: 35/35 MP: 5/5
  2294 | D:3      | Found a blossoming altar of Fedhas.
  2633 | D:3      | Gained mutation: You have sharp fingernails. [demonic ancestry]
  2633 | D:3      | Reached XP level 5. HP: 19/42 MP: 6/6
  3379 | D:4      | Found a shimmering altar of Xom.
  3380 | D:4      | Noticed Edmund
  3419 | D:4      | Killed Edmund
  3419 | D:4      | Gained mutation: You have large cloven feet. [demonic ancestry]
  3419 | D:4      | Reached XP level 6. HP: 3/48 MP: 7/7
  3497 | D:4      | HP: 1/48 [something (3)]
  3499 | D:4      | Slain by a gnoll

Vault maps used:
D:1:      evilmike_arrival_plus, minmay_misc_feat_columns, minmay_distorted
D:2:      nemelex_spade_bored_becter
D:3:      lemuel_doored_altar, first_bread, minmay_vboxes
D:4:      makhleb_grotto_becter, overflow_temple_1_default,
          eat_drink_and_be_merry_uskayaw, minmay_temple_entry_junction,
          serial_shops, shop, uniq_menkaure, uniq_edmund

Skill      XL: |  1  2  3  4  5 |
---------------+----------------+-----
Dodging        | 1 |  1.0
Polearms       | 2 3 4 |  4.2
Armour         | 2 3 |  3.2
Fighting       | 4 |  4.2
Invocations    | |  2.5

Action                   |  1- 3 |  4- 6 || total
-------------------------+-------+-------++-------
Melee: Spear             |   162 |   166 ||   328
 Fire: Hunting sling     |    11 |       ||    11
Invok: Depart the Abyss  |     1 |       ||     1
Evoke: Wand              |       |     2 ||     2
  Use: Scroll            |       |     5 ||     5
       Potion            |       |     5 ||     5
 Stab: Sleeping          |     8 |     5 ||    13
       Invisible         |       |     1 ||     1
  Eat: Chunk             |     3 |     5 ||     8
Armor: Leather armour    |    32 |    14 ||    46
       Ring mail         |       |    52 ||    52
       Skin              |       |     1 ||     1
Dodge: Dodged            |    67 |   101 ||   168

Table legend:
 A = Spawn XP
 B = Non-spawn XP
 C = Spawn XP percentage of total XP
 D = Spawn monster count
 E = Non-spawn monster count
 F = Spawn count percentage of total count
 G = Total turns spent on level
                    A         B        C        D         E        F      G
               +---------+---------+-------+---------+---------+-------+---------
         Total |       0 |     418 |   0.0 |       0 |      75 |   0.0 |  3499
               +---------+---------+-------+---------+---------+-------+---------
           D:1 |       0 |      40 |   0.0 |       0 |      24 |   0.0 |   849
           D:2 |       0 |      73 |   0.0 |       0 |      21 |   0.0 |  1263
           D:3 |       0 |     118 |   0.0 |       0 |      19 |   0.0 |  1045
           D:4 |       0 |     187 |   0.0 |       0 |      11 |   0.0 |   265
               +---------+---------+-------+---------+---------+-------+---------
